 Dungeon Crawl Stone Soup version 0.27-a0-1099-g7f87ac42b0 (webtiles) character file.

Game seed: 12936961384264704798

6984 Froggeryz the Gelid (level 11, -12/70 HPs)
             Began as a Barachi Air Elementalist on Apr 28, 2021.
             Was a High Priest of Okawaru.
             Mangled by a komodo dragon (27 damage)
             ... on level 1 of the Lair of Beasts.
             The game lasted 00:25:53 (14121 turns).

Froggeryz the Gelid (Barachi Air Elementalist)     Turns: 14121, Time: 00:25:54

Health: -12/70     AC: 16    Str: 12    XL:     11   Next: 8%
Magic:  19/24      EV: 12    Int: 17    God:    Okawaru [*****.]
Gold:   555        SH:  0    Dex: 14    Spells: 6/15 levels left

rFire    . . .     SeeInvis +   a - +10 flail of the Sage {speed, SInv}
rCold    . . .     Faith    .   (no shield)
rNeg     . . .     Spirit   .   H - +2 robe {Will+}
rPois    .         Reflect  .   x - +0 helmet
rElec    .         Harm     .   c - +0 cloak
rCorr    .         Rampage  .   F - +0 pair of gloves
Will     ++...     Clarity  +   (no boots)
Stlth    +++.......             j - amulet of magic regeneration
HPRegen  0.21/turn              y - ring of magical power
MPRegen  0.44/turn              C - ring of willpower

@: ice-armoured, freezing walls, slow
A: amphibious, slowness 1, strong legs 1, +LOS, thin skeletal structure 1,
clarity, frail 1, mutation resistance 1
a: Hop, Renounce Religion, Heroism, Finesse


You were on level 1 of the Lair of Beasts.
You worshipped Okawaru.
Okawaru was extremely pleased with you.
You visited 3 branches of the dungeon, and saw 11 of its levels.

You collected 555 gold pieces.

Inventory:

Hand Weapons
 a - the +10 flail of the Sage (weapon) {speed, SInv}
   (You found it on level 9 of the Dungeon)

   Attacks with this weapon are significantly faster.
   It lets you see invisible.
 h - the +7 whip "Etzudot" {vorpal, rPois rF+ Int+4 SInv}
   (You found it on level 5 of the Dungeon)

   It inflicts extra damage upon your enemies.
   It affects your intelligence (+4).
   It protects you from fire.
   It protects you from poison.
   It lets you see invisible.
 i - a +2 dagger of venom
Missiles
 G - 5 boomerangs of dispersal
Armour
 c - a +0 cloak (worn)
 v - a +0 scale mail
 x - a +0 helmet (worn)
 F - a +0 pair of gloves (worn)
 H - a +2 robe of willpower (worn)
Magical Staves
 s - a staff of cold
Jewellery
 j - an amulet of magic regeneration (around neck)
 y - a ring of magical power (left hand)
 C - a ring of willpower (right hand)
Wands
 l - a wand of paralysis (10)
 B - a wand of flame (72)
 D - a wand of polymorph (8)
 I - a wand of iceblast (9)
Scrolls
 d - 4 scrolls of teleportation
 f - a scroll of blinking
 g - 4 scrolls of identify
 t - a scroll of fog
 E - 2 scrolls of enchant weapon {unknown}
Potions
 b - 2 potions of lignification
 e - a potion of ambrosia {unknown}
 k - a potion of flight
 m - 3 potions of mutation
 n - a potion of invisibility
 o - a potion of curing
 p - 2 potions of cancellation
 q - a potion of haste
 r - 2 potions of heal wounds {unknown}
 u - a potion of magic {unknown}
 w - a potion of resistance {unknown}
 z - 3 potions of might
 A - a potion of degeneration {unknown}


   Skills:
 - Level 4.6 Fighting
 - Level 3.2 Maces & Flails
 - Level 2.6 Armour
 - Level 2.1 Dodging
 - Level 1.7 Stealth
 + Level 2.7 Spellcasting
 - Level 1.1 Conjurations
 - Level 15.4 Ice Magic
 - Level 8.5 Air Magic


You had 6 spell levels left.
You knew the following spells:

 Your Spells              Type           Power      Damage    Failure   Level
a - Ozocubu's Armour      Ice            53%        N/A       1%          3
b - Static Discharge      Conj/Air       18%        N/A       3%          2
c - Freeze                Ice            100%       1d11      1%          1
d - Frozen Ramparts       Ice            100%       1d12      1%          3

Your spell library contained the following spells:

 Spells                   Type           Power      Damage    Failure   Level
 Swiftness                Air            31%        N/A       1%          3
 Shock                    Conj/Air       72%        1d7       2%          1
 Airstrike                Air            15%        N/A       5%          4
 Hailstorm                Conj/Ice       30%        3d8       6%          4
 Foxfire                  Conj/Fire      16%        2x1d4     14%         1
 Corona                   Hex            2%         N/A       19%         1
 Metabolic Englaciation   Hex/Ice        14%        N/A       21%         5
 Slow                     Hex            2%         N/A       26%         2
 Conjure Flame            Conj/Fire      4%         6-21      41%         3
 Confusing Touch          Hex            2%         N/A       47%         3
 Gell's Gravitas          Tloc           1%         N/A       47%         3
 Inner Flame              Hex/Fire       2%         N/A       47%         3
 Portal Projectile        Hex/Tloc       4%         N/A       47%         3
 Lightning Bolt           Conj/Air       9%         1d21      56%         5
 Sticky Flame             Conj/Fire      4%         2d3       82%         4
 Cause Fear               Hex            1%         N/A       87%         4
 Leda's Liquefaction      Hex/Erth       1%         N/A       87%         4
 Petrify                  Tmut/Erth      2%         N/A       87%         4
 Iskenderun's Battlesphe  Conj           6%         2d6       97%         5
 Bolt of Magma            Conj/Fire/Erth 1%         4d4       99%         5
 Fireball                 Conj/Fire      2%         3d4       99%         5
 Yara's Violent Unravell  Hex/Tmut       1%         3d3       99%         5
 Iron Shot                Conj/Erth      2%         9d2       100%        6
 Orb of Destruction       Conj           3%         9d1       100%        7
 Spellforged Servitor     Conj/Summ      2%         N/A       100%        7


Dungeon Overview and Level Annotations

Branches:
Dungeon (9/15)             Temple (1/1) D:4            Lair (1/6) D:9
    Orc (0/2) D:9

Altars:
Ashenzari
Cheibriados
Dithmenos
Elyvilon
Fedhas
Gozag
Hepliaklqana
Kikubaaqudgha
Makhleb
Nemelex Xobeh
Okawaru
Qazlal
Ru
Sif Muna
Trog
Uskayaw
Vehumet
Wu Jian
Xom
Yredelemnul
Zin
The Shining One

Shops:
D:8 [

Annotations:
D:9 1 runed translucent door


Innate Abilities, Weirdness & Mutations

You are amphibious.
You cover ground slowly.
You can hop short distances.
You have an extended range of vision and can be seen from far away.
You have a somewhat thin skeletal structure. (Dex +2, Stealth+)
You possess an exceptional clarity of mind.
You are frail. (-10% HP)
You are somewhat resistant to further mutation.


Message History

The basilisk is severely wounded.
You closely miss the basilisk.
The basilisk is severely wounded.
The wall freezes the basilisk.
The basilisk gazes at you. You resist with almost no effort.
You completely miss the basilisk.
The basilisk is almost dead.
You hit the basilisk.
You kill the basilisk!
Okawaru accepts your kill.
No target in view!
The frozen ramparts melt away as you move.
Found 20 poisoned darts.
A komodo dragon comes into view.
A komodo dragon is nearby!
The komodo dragon barely misses you.
You hit the komodo dragon.
The komodo dragon is lightly wounded.
The komodo dragon closely misses you.
Casting: Frozen Ramparts (safe; 1% risk of failure)
Confirm with . or Enter, or press ? or * to list all spells.
Casting: Frozen Ramparts (safe; 1% risk of failure)
Press: ? - help, Dir - look around, f - activate The walls around you are covered in ice.
The wall freezes the komodo dragon.
The komodo dragon barely misses you.
Unknown command.
You sock the komodo dragon!
The komodo dragon is heavily wounded.
The wall freezes the komodo dragon!
The komodo dragon bites you!!
You closely miss the komodo dragon.
The komodo dragon is severely wounded.
The wall freezes the komodo dragon.
The komodo dragon bites you!!
* * * LOW HITPOINT WARNING * * *
Unknown command.
Casting: Frozen Ramparts (safe; 1% risk of failure)
Confirm with . or Enter, or press ? or * to list all spells.
A film of ice covers your body!
The wall freezes the komodo dragon!
The komodo dragon seems to slow down.
The komodo dragon bites you!!
You die...

... ...... .... #.... #
..... #... .#
...#.#####..##.####
.................. ..
.......................
...#......................
...#....######..l..#..####
..(.....# #..@##.# #
........# ##...# ##
........####....####.
#....##............
#....##.............
#.....#.............
#....#..............
#....##.............
#...................


You could see a komodo dragon (slow).

Vanquished Creatures
  A hydra (Lair:1)
  Pikel (D:9)
  Maurice (D:9)
  A hornet (D:9)
  4 wyverns (D:9)
  7 yaks (D:9)
  A basilisk (Lair:1)
  5 water moccasins
  2 ice beasts (D:6)
  3 black bears
  2 sky beasts
  4 ogres
  4 centaurs
  A kobold brigand (D:7)
  2 bullfrogs (D:8)
  12 scorpions
  A water moccasin skeleton (D:4)
  An electric eel (Lair:1)
  A howler monkey (D:5)
  2 jellies
  4 centaur zombies
  A bullfrog zombie (D:6)
  An orc priest (D:7)
  2 hounds
  A bullfrog skeleton (D:6)
  2 centaur skeletons
  3 iguanas
  2 orc wizards (D:7)
  A killer bee zombie (D:7)
  A hound skeleton (D:4)
  4 gnolls
  8 adders
  3 shadow imps
  An ufetubus (D:4)
  2 worms
  A dart slug (D:2)
  11 orcs
  3 endoplasms
  6 giant cockroaches
  4 goblins
  5 hobgoblins
  7 jackals
  5 quokkas
  12 ball pythons
  5 bats
  2 frilled lizards
  15 kobolds
  8 rats
  5 butterflies
181 creatures vanquished.

Vanquished Creatures (others)
  2 fungi (D:9)
  11 plants
13 creatures vanquished.

Grand Total: 194 creatures vanquished

Notes
Turn   | Place    | Note
-------+----------+-------------------------------------------
     0 | D:1      | Froggeryz the Barachi Air Elementalist began the quest for
                  | the Orb.
     0 | D:1      | Reached XP level 1. HP: 13/13 MP: 3/3
   369 | D:1      | Reached XP level 2. HP: 8/19 MP: 0/5
  1398 | D:1      | Reached XP level 3. HP: 24/24 MP: 2/6
  1962 | D:2      | Reached skill level 5 in Air Magic
  1962 | D:2      | Reached XP level 4. HP: 12/30 MP: 3/7
  2921 | D:2      | Noticed a scorpion
  2928 | D:2      | Killed a scorpion
  2929 | D:2      | Reached XP level 5. HP: 16/35 MP: 3/8
  3317 | D:3      | Learned a level 2 spell: Static Discharge
  3409 | D:3      | Found a shimmering altar of Xom.
  3501 | D:3      | Found a glowing silver altar of Zin.
  4110 | D:3      | Reached skill level 1 in Fighting
  4526 | D:4      | Found a staircase to the Ecumenical Temple.
  4570 | Temple   | Entered the Ecumenical Temple
  4689 | Temple   | Became a worshipper of Warmaster Okawaru
  4749 | D:4      | Reached XP level 6. HP: 34/44 MP: 6/9
  5288 | D:4      | Gained mutation: You have a somewhat thin skeletal
                  | structure. (Dex +2, Stealth+) [potion of mutation]
  5288 | D:4      | Gained mutation: You possess an exceptional clarity of
                  | mind. [potion of mutation]
  5288 | D:4      | Gained mutation: You are frail. (-10% HP) [potion of
                  | mutation]
  5288 | D:4      | Gained mutation: You are somewhat resistant to further
                  | mutation. [potion of mutation]
  5643 | D:4      | Reached XP level 7. HP: 45/46 MP: 10/10
  6098 | D:5      | Entered Level 5 of the Dungeon
  6254 | D:5      | Found an ornate altar of the Wu Jian Council.
  6620 | D:5      | Identified the +7 whip "Etzudot" {vorpal, rPois rF+ Int+4
                  | SInv}
  6926 | D:5      | Reached skill level 1 in Maces & Flails
  6945 | D:5      | Reached * piety under Okawaru
  7307 | D:6      | Found a shadowy altar of Dithmenos.
  7307 | D:6      | Found a blossoming altar of Fedhas.
  7327 | D:6      | Reached skill level 1 in Armour
  7327 | D:6      | Reached XP level 8. HP: 37/54 MP: 11/11
  7618 | D:6      | Learned a level 1 spell: Freeze
  7648 | D:6      | Found a large runed translucent door.
  7649 | D:6      | Found a large runed translucent door.
  7916 | D:6      | Reached skill level 2 in Ice Magic
  8183 | D:6      | Reached skill level 3 in Ice Magic
  8194 | D:6      | Reached ** piety under Okawaru
  8195 | D:6      | Reached skill level 4 in Ice Magic
  8644 | D:6      | Reached skill level 5 in Ice Magic
  9022 | D:6      | Reached skill level 6 in Ice Magic
  9170 | D:6      | Found a sacrificial altar of Ru.
  9184 | D:6      | Reached skill level 7 in Ice Magic
  9184 | D:6      | Reached XP level 9. HP: 18/59 MP: 10/12
  9595 | D:6      | Found a bloodstained altar of Trog.
  9634 | D:7      | Reached skill level 8 in Ice Magic
  9762 | D:6      | Learned a level 3 spell: Frozen Ramparts
 10217 | D:7      | Reached skill level 9 in Ice Magic
 10294 | D:7      | Noticed a hornet
 10967 | D:8      | Found Umotroat's Antique Armour Emporium.
 11049 | D:8      | Reached *** piety under Okawaru
 11207 | D:8      | Reached skill level 10 in Ice Magic
 11700 | D:9      | Noticed Pikel
 11711 | D:9      | Killed Pikel
 11712 | D:9      | Reached skill level 11 in Ice Magic
 11752 | D:9      | Found a staircase to the Orcish Mines.
 11757 | D:9      | Identified the +10 flail of the Sage {speed, SInv}
 11769 | D:9      | Noticed Maurice
 11780 | D:9      | Killed Maurice
 11781 | D:9      | Reached skill level 12 in Ice Magic
 11781 | D:9      | Reached XP level 10. HP: 37/65 MP: 13/13
 12058 | D:9      | Reached **** piety under Okawaru
 12059 | D:9      | Reached skill level 13 in Ice Magic
 12437 | D:9      | Found a staircase to the Lair.
 12452 | D:9      | Reached skill level 14 in Ice Magic
 12642 | D:9      | Learned a level 3 spell: Ozocubu's Armour
 12748 | D:9      | Found a sparkling altar of Nemelex Xobeh.
 12777 | D:9      | Found a runed translucent door.
 12779 | D:9      | Found a runed translucent door.
 13501 | Lair:1   | Entered Level 1 of the Lair of Beasts
 13755 | Lair:1   | Reached ***** piety under Okawaru
 13851 | Lair:1   | Noticed a four-headed hydra
 13873 | Lair:1   | Killed a four-headed hydra
 13874 | Lair:1   | Reached skill level 15 in Ice Magic
 13874 | Lair:1   | Reached XP level 11. HP: 34/70 MP: 14/14
 14121 | Lair:1   | Mangled by a komodo dragon

Illustrated notes

Levels and vault maps discovered:
D:1:      scummos_arrival_forest, layout_basic
D:2:      layout_basic
D:3:      layout_basic, zin_academy, xom_butterflies, kennysheep_another_room
D:4:      minmay_opposing_rooms, layout_basic, minmay_temple_entry_poolview
D:5:      layout_rooms, nicolae_wu_jian_wuxing_cycle, portal_sewer_entry_b,
          grunt_tough_drop
D:6:      layout_basic, grunt_temple_overflow_open, jmf_multi_god_temple2
D:7:      layout_basic, hangedman_abyss_or_decor_passed
D:8:      layout_cave_pools, serial_shops, shop, nrook_loot_triangle,
          minmay_misc_feat_tiny, chequers_serial_rivers_micro_e,
          minmay_misc_feat_secret_circle
D:9:      lemuel_insect_pit, layout_rooms, nemelex_diamond_rough_becter,
          minmay_lair_entry_grove, uniq_maurice, uniq_pikel
Temple:   jpeg_temple_clearing
Lair:1:   layout_gridlike

Skill      XL: |  1  2  3  4  5  6  7  8  9 10 |
---------------+-------------------------------+-----
Air Magic      | 4 5 6 7 8 |  8.5
Fighting       | 1 3 4 |  4.6
Maces & Flails | 2 3 |  3.2
Armour         | 1 2 |  2.6
Ice Magic      | 7 12 15 | 15.4
Dodging        | |  2.1
Stealth        | |  1.7
Spellcasting   | |  2.7
Conjurations   | |  1.1

Action                   |  1- 3 |  4- 6 |  7- 9 | 10-12 || total
-------------------------+-------+-------+-------+-------++-------
Melee: Unarmed           |     5 |       |       |       ||     5
       Short sword       |    10 |       |       |       ||    10
       Dagger            |    16 |   136 |   140 |       ||   292
       Quarterstaff      |       |       |    13 |       ||    13
       Whip              |       |       |    83 |       ||    83
       Staff             |       |       |     9 |       ||     9
       Flail             |       |       |     7 |    78 ||    85
 Cast: Shock             |    54 |    37 |    53 |       ||   144
       Frozen Ramparts   |       |       |    11 |    14 ||    25
       Ozocubu's Armour  |       |       |       |     2 ||     2
 Abil: Hop               |       |     4 |     6 |     3 ||    13
Evoke: Wand              |       |     2 |     2 |     4 ||     8
  Use: Potion            |       |     4 |       |     2 ||     6
       Scroll            |       |       |     9 |     1 ||    10
 Stab: Sleeping          |     2 |     2 |     7 |     1 ||    12
       Paralysed         |       |     5 |       |       ||     5
       Distracted        |       |       |     1 |       ||     1
Armor: Robe              |    10 |    22 |    72 |     8 ||   112
       Skin              |       |     8 |       |       ||     8
       Scale mail        |       |       |    21 |       ||    21
Dodge: Dodged            |    26 |    78 |   191 |    40 ||   335

Table legend: (Time is in decaauts)
 A = Elapsed time spent in this place.
 B = Non-inter-level travel time spent in this place.
 C = Inter-level travel time spent in this place.
 D = Time resting spent in this place.
 E = Time spent auto-exploring this place.
 F = Levels seen in this place.
 G = Mean time per level.
                   A        B        C        D        E       F      G
               +--------+--------+--------+--------+--------+-----+--------+
         Total |  15380 |  14980 |    400 |   1943 |  11004 |  11 | 1398.2 |
       Dungeon |  14572 |  14192 |    380 |   1786 |  10556 |   9 | 1619.1 |
        Temple |    164 |    144 |     20 |      0 |     50 |   1 |  164.0 |
          Lair |    643 |    643 |      0 |    157 |    397 |   1 |  643.0 |
               +--------+--------+--------+--------+--------+-----+--------+

Top non-repeatable levels by time:
     D:6: 2570 daAuts
     D:2: 1812 daAuts
     D:1: 1787 daAuts
     D:4: 1754 daAuts
     D:9: 1652 daAuts
     D:3: 1463 daAuts
     D:7: 1292 daAuts
     D:8: 1177 daAuts
     D:5: 1062 daAuts
  Lair:1: 643 daAuts
  Temple: 164 daAuts
